 Dungeon Crawl Stone Soup version 0.31-a0-986-g5e6e4ef867 (webtiles) character file.

Game seed: 18229373812905222671

881 Dittersdorf the Trooper (level 8, -1/62 HPs)
             Began as a Human Fighter on Nov 9, 2023.
             Was an Initiate of Gozag.
             Slain by a black bear (3 damage)
             ... on level 5 of the Dungeon.
             The game lasted 00:04:42 (3741 turns).

Dittersdorf the Trooper (Human Fighter)             Turns: 3741, Time: 00:04:43

Health: -1/62      AC: 11    Str: 18    XL:     8   Next: 25%
Magic:  8/8        EV:  9    Int: 10    God:    Gozag
Gold:   251        SH:  5    Dex: 12    Spells: 7/7 levels left

rFire   . . .        a - +0 long sword
rCold   . . .        c - +0 buckler
rNeg    . . .        i - +2 scale mail {Will+}
rPois   .            (no helmet)
rElec   .            p - scarf {repulsion}
rCorr   .            k - +0 pair of gloves
SInv    .            u - +0 pair of boots
Will    +....        (no amulet) Stlth
                     (no ring)
HPRegen 0.30/turn    (no ring)
MPRegen 0.11/turn

%: repel missiles
@: gold aura, studying Polearms
A: no striking features
a: Renounce Religion, Potion Petition, Call Merchant, Bribe Branch


You were on level 5 of the Dungeon.
You worshipped Gozag.
Gozag was aware of your devotion.
You visited 1 branch of the dungeon, and saw 5 of its levels.
You also visited: Sewer.

You collected 305 gold pieces.
You paid 54 gold pieces to Gozag.

Inventory:

Hand Weapons
 a - a +0 long sword (weapon)
Armour
 c - a +0 buckler (worn)
 i - a +2 scale mail of willpower (worn)
 k - a +0 pair of gloves (worn)
 p - a scarf of repulsion (worn)
 u - a +0 pair of boots (worn)
Wands
 q - a wand of acid (11) (quivered)
Scrolls
 e - 6 scrolls of identify {unknown}
 f - 3 scrolls of enchant weapon {unknown}
 g - 3 scrolls of teleportation {unknown}
 j - a scroll of blinking {unknown}
 n - a scroll of poison {unknown}
 t - 2 scrolls of enchant armour {unknown}
 v - a scroll of amnesia {unknown}
 x - a scroll of revelation {unknown}
Potions
 b - a potion of ambrosia {unknown}
 d - a potion of might
 h - a potion of brilliance {unknown}
 l - 3 potions of lignification {unknown}
 m - a potion of attraction {unknown}
 o - 2 potions of curing {unknown}
 r - a potion of degeneration {unknown}
 s - a potion of mutation {unknown}
 w - a potion of heal wounds {unknown}


   Skills:
 + Level 5.3 Fighting
 + Level 4.7 Long Blades
 + Level 5.2 Armour
 + Level 5.3 Shields


You had 7 spell levels left.
You didn't know any spells.
Your spell library contained the following spells:

 Spells                   Type           Power      Damage    Failure   Level
 Foxfire                  Conj/Fire      0%         2x1d4     80%         1
 Inner Flame              Hex/Fire       0%         N/A       99%         3
 Flame Wave               Conj/Fire      0%         2d4       100%        4
 Sticky Flame             Conj/Fire      0%         2d3       100%        4
 Summon Ice Beast         Ice/Summ       0%         N/A       100%        4
 Fireball                 Conj/Fire      0%         3d3       100%        5
 Summon Mana Viper        Hex/Summ       0%         N/A       100%        5
 Plasma Beam              Fire/Air       0%         2x1d10    100%        6
 Monstrous Menagerie      Summ           0%         N/A       100%        7
 Ignition                 Fire           0%         3d3       100%        8


Dungeon Overview and Level Annotations

Branches:
Dungeon (5/15)             Temple (0/1) D:4           Sewer (visited)

Altars:
Fedhas
Gozag
Vehumet

Annotations:
D:4 4 transporters, bakla's ghost, amateur BaHu


Message History

You are too injured to fight recklessly!
You are too injured to fight recklessly!
You are too injured to fight recklessly!
You are too injured to fight recklessly!
You are too injured to fight recklessly!
You are too injured to fight recklessly!
You are too injured to fight recklessly!
You are too injured to fight recklessly!
You are too injured to fight recklessly!
You are too injured to fight recklessly!
You are too injured to fight recklessly!
The iguana attacks as it pursues you! The iguana barely misses you.
The black bear attacks as it pursues you!
The black bear bites you but does no damage.
The black bear claws you. The black bear closely misses you.
You see here 8 gold pieces.
The black bear attacks as it pursues you!
The black bear bites you.
The black bear claws you but does no damage. x2
The iguana attacks as it pursues you! The iguana bites you.
You hit the iguana but do no damage. You block the iguana's attack.
You slash the iguana!
The iguana is heavily wounded.
The iguana bites you!
* * * LOW HITPOINT WARNING * * *
You hit the iguana.
The iguana is almost dead.
The iguana bites you but does no damage.
You barely miss the iguana.
The iguana is almost dead.
The iguana bites you but does no damage.
The iguana bites you!
* * * LOW HITPOINT WARNING * * *
You hit the iguana.
You kill the iguana!
The black bear bites you but does no damage.
The black bear claws you but does no damage.
The black bear claws you.
You die...
Your body crumbles into a pile of gold.

#..................##
#............#####.##
##........... ##..###
###............
##.....##
.........######
##..###... .......$.#
###..## ####
.........# ##...##
.........######..###
.....###.h@.##..##
#...# ####....## ..#.
###.## .## #..# ##.#
#.## #..# ##.# #.##


You could see a black bear.

Vanquished Creatures
  Pargi (Sewer)
  A black bear (D:5)
  A phantom (D:4)
  A kobold brigand (D:4)
  3 scorpions
  4 hounds
  A jelly (D:4)
  A gnoll bouda (D:5)
  Jessica (D:2)
  An iguana (D:5)
  3 gnolls (D:5)
  5 adders
  A white imp (D:4)
  6 worms
  2 dart slugs
  5 orcs
  10 ball pythons
  2 endoplasms
  2 giant cockroaches
  3 goblins
  3 hobgoblins
  3 jackals (D:1)
  3 kobolds
  4 quokkas
  6 bats
  4 frilled lizards
  7 rats
84 creatures vanquished.

Notes
Turn   | Place    | Note
-------+----------+-------------------------------------------
     0 | D:1      | Dittersdorf the Human Fighter began the quest for the Orb.
     0 | D:1      | Reached XP level 1. HP: 18/18 MP: 1/1
   148 | D:1      | Reached XP level 2. HP: 21/24 MP: 2/2
   697 | D:2      | Reached XP level 3. HP: 29/29 MP: 3/3
  1114 | D:2      | Reached XP level 4. HP: 35/35 MP: 4/4
  1275 | D:3      | Noticed Jessica
  1291 | D:2      | Killed Jessica
  1457 | D:3      | Reached XP level 5. HP: 37/42 MP: 5/5
  1665 | D:4      | Noticed a phantom
  1665 | D:4      | Found a glowing drain.
  1690 | Sewer    | Entered a sewer
  1804 | Sewer    | Noticed Pargi
  1814 | Sewer    | Killed Pargi
  1815 | Sewer    | Reached XP level 6. HP: 44/48 MP: 6/6
  2431 | D:4      | Found a transporter.
  2450 | D:4      | Found an opulent altar of Gozag.
  2451 | D:4      | Found a transporter.
  2461 | D:4      | Reached XP level 7. HP: 48/55 MP: 7/7
  2462 | D:4      | Noticed bakla's ghost (amateur BaHu)
  2464 | D:4      | Found a transporter.
  2467 | D:4      | Became a worshipper of Gozag Ym Sagoz the Greedy
  2547 | D:4      | Found a staircase to the Ecumenical Temple.
  2559 | D:4      | Found a transporter.
  2561 | D:4      | Noticed a fire bat
  2880 | D:4      | Found a blossoming altar of Fedhas.
  2937 | D:5      | Identified the "Mipraent"
  2937 | D:5      | Entered Level 5 of the Dungeon
  3034 | D:5      | Reached skill level 5 in Fighting
  3034 | D:5      | Reached skill level 5 in Armour
  3034 | D:5      | Reached skill level 5 in Shields
  3034 | D:5      | Reached XP level 8. HP: 60/62 MP: 8/8
  3476 | D:5      | Found a radiant altar of Vehumet.
  3740 | D:5      | HP: 1/62 [iguana (9)]
  3741 | D:5      | Slain by a black bear

Illustrated notes

Levels and vault maps discovered:
D:1:      nzn_arrival_crosshair, layout_basic
D:2:      layout_rooms
D:3:      layout_rooms, minivault_26, uniq_jessica
D:4:      gammafunk_cloud_chamber, layout_basic, marbit_many_paths,
          lemuel_crystal_altar, minmay_temple_entry_enclosed_plants,
          gammafunk_ghost_mausoleum, cheibrodos_sewer_entry_sluice,
          minivault_14, st_stairs_1, minmay_manual_moon
D:5:      layout_cave_pods, lemuel_doored_altar

Skill      XL: |  1  2  3  4  5  6  7 |
---------------+----------------------+-----
Long Blades    | 3 4 |  4.7
Fighting       | 4 5 |  5.3
Armour         | 4 5 |  5.2
Shields        | 4 5 |  5.3

Action                     |  1- 3 |  4- 6 |  7- 9 || total
---------------------------+-------+-------+-------++-------
  Melee: Long sword        |   104 |   183 |   159 ||   446
  Evoke: Wand              |       |     2 |       ||     2
 Armour: Scale mail        |    81 |   269 |   156 ||   506
  Dodge: Dodged            |    55 |   149 |    90 ||   294
         Repelled          |       |       |     1 ||     1
  Block: Buckler           |    27 |    66 |    51 ||   144

Table legend: (Time is in decaauts)
 A = Elapsed time spent in this place.
 B = Non-inter-level travel time spent in this place.
 C = Inter-level travel time spent in this place.
 D = Time resting spent in this place.
 E = Time spent auto-exploring this place.
 F = Levels seen in this place.
 G = Mean time per level.
                   A        B        C        D        E       F      G
               +--------+--------+--------+--------+--------+-----+--------+
         Total |   3890 |   3777 |    113 |    649 |   2066 |   6 |  648.3 |
       Dungeon |   3545 |   3432 |    113 |    490 |   2066 |   5 |  709.0 |
         Sewer |    345 |    345 |      0 |    159 |      0 |   1 |  345.0 |
               +--------+--------+--------+--------+--------+-----+--------+

Top non-repeatable levels by time:
     D:5: 820 daAuts
     D:4: 799 daAuts
     D:2: 706 daAuts
     D:3: 632 daAuts
     D:1: 584 daAuts
   Sewer: 345 daAuts
